 Dungeon Crawl Stone Soup version 0.27-a0-346-ga689d4a613 (webtiles) character file.

Game seed: 10487329125926492563

56 vurker the Chiller (level 3, -2/28 HPs)
             Began as a Demigod Ice Elementalist on Feb 15, 2021.
             Slain by Sigmund
             ... wielding a +0 scythe
              (9 damage)
             ... on level 3 of the Dungeon.
             The game lasted 00:02:17 (1833 turns).

vurker the Chiller (Demigod Ice Elementalist)       Turns: 1833, Time: 00:02:18

Health: -2/28      AC:  2    Str:  9    XL:     3   Next: 48%
Magic:  15/18      EV: 12    Int: 21    God:
Gold:   85         SH:  0    Dex: 14    Spells: 3/7 levels left

rFire    . . .     SeeInvis .   m - +1 dagger (drain)
rCold    . . .     Faith    .   (no shield)
rNeg     . . .     Spirit   .   a - +0 robe
rPois    .         Reflect  .   (no helmet)
rElec    .         Harm     .   (no cloak)
rCorr    .         Rampage  .   (no gloves)
Will     .....                  (no boots)
Stlth    +.........             (no amulet)
HPRegen  0.09/turn              j - ring of magical power
MPRegen  0.16/turn              (no ring)

@: confused
A: high mp 1
a: no special abilities


You were on level 3 of the Dungeon.
You visited 1 branch of the dungeon, and saw 3 of its levels.

You collected 85 gold pieces.

Inventory:

Hand Weapons
 m - a +1 dagger of draining (weapon)
   (You took it off a goblin on level 2 of the Dungeon)
Armour
 a - a +0 robe (worn)
Jewellery
 j - a ring of magical power (left hand)
   (You found it on level 1 of the Dungeon)
Scrolls
 b - 2 scrolls of enchant armour {unknown}
 d - a scroll of fog {unknown}
 e - a scroll of teleportation {unknown}
 h - 3 scrolls of identify {unknown}
 k - a scroll of magic mapping {unknown}
 l - a scroll of amnesia {unknown}
Potions
 c - a potion of heal wounds {unknown}
 g - 2 potions of curing {unknown}
 i - a potion of cancellation {unknown}


   Skills:
 + Level 1.1 Fighting
 - Level 1.7 Dodging
 - Level 1.7 Stealth
 * Level 2.6 Spellcasting
 * Level 4.2 Ice Magic


You had 3 spell levels left.
You knew the following spells:

 Your Spells              Type           Power        Failure   Level
a - Freeze                Ice            80%          2%          1
b - Frozen Ramparts       Ice            40%          8%          3

Your spell library contained the following spells:

 Spells                   Type           Power        Failure   Level
 Ozocubu's Armour         Ice            20%          8%          3
 Hailstorm                Conj/Ice       11%          50%         4
 Summon Ice Beast         Ice/Summ       11%          50%         4


Dungeon Overview and Level Annotations

Branches:
Dungeon (3/15)

Annotations:
D:3 Sigmund


Innate Abilities, Weirdness & Mutations

You have an increased reservoir of magic. (+10% MP)


Message History

A hobgoblin comes into view. It is wielding a +0 club.
Found 14 bolts.
A hobgoblin is nearby!
A hobgoblin is nearby!
Found a ring mail.
Sigmund the Dreaded comes into view.
He is wielding a +0 scythe.
The hobgoblin shouts!
Sigmund shouts!
A bat comes into view.
Aim: a hobgoblin, wielding a +0 club You freeze the hobgoblin!
You kill the hobgoblin!
A jackal comes into view.
The bat barely misses you. The bat closely misses you.
Aim: a bat You freeze the bat.
You kill the bat!
The spell is quite dangerous to cast (8% risk of failure)!
Continue anyway? [Y]es or [N]o only, please.
The spell is quite dangerous to cast (8% risk of failure)!
Continue anyway?
The walls around you are covered in ice.
The wall freezes Sigmund.
Sigmund barely misses you.
A jackal comes into view.
The wall freezes Sigmund.
Sigmund giggles. "Time to reap what you sow."
Sigmund barely misses you.
The wall freezes Sigmund.
Sigmund gestures at you while chanting.
You are confused.
The wall freezes Sigmund.
Sigmund points at himself and mumbles some strange words.
Sigmund flickers and vanishes!
Deactivating autopickup; reactivate with Ctrl-A.
The wall freezes something.
You hear some strange, mumbled words.
Something tries to affect you, but you resist.
The wall freezes something.
Something hits you!
The frozen ramparts melt away.
Something hits you!
* * * LOW HITPOINT WARNING * * *
You hear some strange, mumbled words.
You are more confused.
You hear some strange, mumbled words.
You are more confused.
Things that are here:
a +0 club; a hobgoblin corpse Something hits you.
* * * LOW HITPOINT WARNING * * *
Something hits you!
You die...

# #.# ## ..
....##. #@
.......###.
#....##.#####
#<.#.....
##.##.[####
#..#.....#
##@){....#
##..##....#
##.# #.. #..#
..... ..#.#.
..#(# #
...#.#


There were no monsters in sight!

Vanquished Creatures
  An adder (D:2)
  An ooze (D:1)
  2 dart slugs (D:1)
  A leopard gecko (D:1)
  5 goblins
  2 hobgoblins
  2 quokkas (D:2)
  4 ball pythons (D:1)
  6 bats
  3 frilled lizards
  6 kobolds
  5 rats
38 creatures vanquished.

Notes
Turn   | Place    | Note
-------+----------+-------------------------------------------
     0 | D:1      | vurker the Demigod Ice Elementalist began the quest for the
                  | Orb.
     0 | D:1      | Reached XP level 1. HP: 14/14 MP: 5/5
   372 | D:1      | Reached XP level 2. HP: 19/22 MP: 4/7
   828 | D:1      | Reached skill level 4 in Ice Magic
  1069 | D:2      | Reached XP level 3. HP: 27/27 MP: 9/9
  1108 | D:2      | Found a burning altar of Makhleb.
  1354 | D:2      | Reached skill level 1 in Fighting
  1358 | D:2      | Learned a level 3 spell: Frozen Ramparts
  1813 | D:3      | Noticed Sigmund
  1833 | D:3      | Slain by Sigmund

Illustrated notes

Levels and vault maps discovered:
D:1:      enne_arrival_octagon_isle, layout_basic, minmay_pentomino_o2
D:2:      layout_loops_ring, bloody_makhleb
D:3:      minmay_door_path, layout_rooms, uniq_sigmund

Skill      XL: |  1  2  3 |
---------------+----------+-----
Spellcasting   | 2 |  2.6
Ice Magic      | 4 |  4.2
Fighting       | 1 |  1.1
Dodging        | |  1.7
Stealth        | |  1.7

Action                   || total
-------------------------++-------
Melee: Unarmed           ||     5
       Dagger            ||    20
 Cast: Freeze            ||    48
       Frozen Ramparts   ||     1
 Stab: Sleeping          ||     3
Armor: Robe              ||     8
Dodge: Dodged            ||    41

Table legend: (Time is in decaauts)
 A = Elapsed time spent in this place.
 B = Non-inter-level travel time spent in this place.
 C = Inter-level travel time spent in this place.
 D = Time resting spent in this place.
 E = Time spent auto-exploring this place.
 F = Levels seen in this place.
 G = Mean time per level.
                   A        B        C        D        E       F      G
               +--------+--------+--------+--------+--------+-----+--------+
         Total |   1831 |   1789 |     42 |      0 |   1522 |   3 |  610.3 |
       Dungeon |   1831 |   1789 |     42 |      0 |   1522 |   3 |  610.3 |
               +--------+--------+--------+--------+--------+-----+--------+

Top non-repeatable levels by time:
     D:1: 1061 daAuts
     D:2: 744 daAuts
     D:3: 25 daAuts
